 Dungeon Crawl Stone Soup version 0.27.0-1-g7a089689b8 (webtiles) character file.

Game seed: 951011885857558386

13790 sanka the Spry (level 12, -2/102 HPs)
             Began as a Merfolk Necromancer on Aug 7, 2021.
             Was a Believer of Ashenzari.
             Slain by a white ugly thing (15 damage)
             ... in an ice cave.
             The game lasted 00:28:20 (18039 turns).

sanka the Spry (Merfolk Necromancer)               Turns: 18039, Time: 00:28:20

Health: -2/102     AC:  5    Str: 10    XL:     12   Next: 9%
Magic:  21/21      EV: 24    Int: 14    God:    Ashenzari [**....]
Gold:   814        SH:  0    Dex: 18    Spells: 23/24 levels left

rFire    . . .     SeeInvis +   y - +0 halberd
rCold    . . .     Faith    +   (shield currently unavailable)
rNeg     . . .     Spirit   .   a - +0 robe "Share My Inconvenience" {Cun, Comp} (curse)
rPois    .         Reflect  .   c - +1 helmet of Ashenzari's Burden {Fort, Self} (curse)
rElec    .         Harm     .   (no cloak)
rCorr    .         Rampage  .   (no gloves)
Will     .....                  B - +0 pair of boots "Bound With Me" {Cun, Self} (curse)
Stlth    +++.......             s - amulet "Sybil of Ashenzari" {Faith, Bglg, Cun} (curse)
HPRegen  0.27/turn              (no ring)
MPRegen  0.17/turn              (no ring)

@: no status effects
A: (nimble swimmer 2), mertail
a: Renounce Religion, Shatter the Chains


You were in an ice cave.
You worshipped Ashenzari.
Ashenzari was pleased with you.
You visited 1 branch of the dungeon, and saw 11 of its levels.
You also visited: Ossuary and Ice Cave.

You collected 877 gold pieces.
You spent 63 gold pieces at shops.


Innate Abilities, Weirdness & Mutations

((You are quick and stealthy near water. (Stealth+, EV+, Speed+++)))
Your lower body shifts to a powerful aquatic tail in water.


   Skills:
 + Level 9.8(12.0) Fighting
 + Level 14.6 Polearms
 + Level 15.3(17.8) Dodging
 - Level 2.1(4.4) Stealth
 + Level 4.4(6.6) Spellcasting
 - Level 3.2(4.5) Necromancy


You had 23 spell levels left.
You knew the following spells:

 Your Spells              Type           Power      Damage    Failure   Level
z - Pain                  Necr           68%        1d7       2%          1

Your spell library contained the following spells:

 Spells                   Type           Power      Damage    Failure   Level
 Animate Skeleton         Necr           34%        N/A       2%          1
 Vampiric Draining        Necr           8%         2d7       7%          3
 Foxfire                  Conj/Fire      16%        2x1d4     14%         1
 Ensorcelled Hibernation  Hex/Ice        8%         N/A       22%         2
 Animate Dead             Necr           8%         N/A       22%         4
 Conjure Flame            Conj/Fire      4%         6-21      41%         3
 Ignite Poison            Fire/Tmut/Pois 4%         N/A       41%         3
 Inner Flame              Hex/Fire       4%         N/A       41%         3
 Spider Form              Tmut/Pois      2%         N/A       41%         3
 Agony                    Necr           17%        N/A       54%         5
 Sticky Flame             Conj/Fire      4%         2d3       82%         4
 Shadow Creatures         Summ           N/A        N/A       100%        6

Inventory:

Hand Weapons
 y - a +0 halberd (weapon)
 I - a +2 dagger of distortion
Missiles
 f - 18 poisoned darts
 E - 4 throwing nets {=f}
Armour
 a - the cursed +0 robe "Share My Inconvenience" (worn) {Cun, Comp}

   It has a curse which improves the following skills: Cunning: Dodging and
   Stealth.
   Companions: Summonings and Necromancy.
 c - the cursed +1 helmet of Ashenzari's Burden (worn) {Fort, Self}

   It has a curse which improves the following skills: Fortitude: Armour and
   Shields.
   Introspection: Fighting and Spellcasting.
 h - a +2 robe of willpower
 B - the cursed +0 pair of boots "Bound With Me" (worn) {Cun, Self}

   It has a curse which improves the following skills: Cunning: Dodging and
   Stealth.
   Introspection: Fighting and Spellcasting.
 J - +0 steam dragon scales
Magical Staves
 i - a staff of cold
 u - a staff of death
 v - a staff of poison
Jewellery
 s - the cursed amulet "Sybil of Ashenzari" (around neck) {Faith, Bglg, Cun}

   [amulet of faith]

   It allows you to gain divine favour quickly.
   It has a curse which improves the following skills: Beguiling: Conjurations,
   Hexes and Translocations.
   Cunning:   Dodging and Stealth.
Wands
 n - a wand of digging (7)
 x - a wand of mindburst (32)
 A - a wand of flame (9)
Scrolls
 g - 3 scrolls of blinking
 o - 4 scrolls of enchant weapon
 p - 2 scrolls of fog
 q - 6 scrolls of magic mapping
 r - 2 scrolls of brand weapon
 w - 3 scrolls of fear
 C - 2 scrolls of enchant armour
 F - 2 scrolls of teleportation {@r4}
Potions
 b - 2 potions of might
 d - a potion of ambrosia
 e - 3 potions of haste {@q3}
 j - 7 potions of curing {@q1}
 l - 4 potions of lignification {!q}
 m - a potion of berserk rage {!q}
 t - 4 potions of attraction {!q}
 z - a potion of cancellation
 D - 2 potions of mutation {!q}
 G - a potion of resistance
 H - a potion of flight

Dungeon Overview and Level Annotations

Branches:
Dungeon (11/15)            Temple (0/1) D:5            Lair (0/6) D:9
Ossuary (visited)           IceCv (1/1)
    Orc: D:9-12

Altars:
Ashenzari
Dithmenos
Fedhas
Nemelex Xobeh
Trog
Uskayaw
Xom
Yredelemnul
The Shining One

Shops:
D:2 :   D:5 * D:10

!
▒▒........▒▒▒....▒▒
▒▒▒..▒ ░ ▒▒▒▒...▒▒▒
▒▒▒...▒ ▒▒...4▒░
▒▒▒▒▒ ▒▒..▒
▒▒....▒▒ ,
▒...▒▒▒...▒°.▒ ,,
▒▒..▒▒▒...▒▒▒....
▒▒..▒▒▒...▒▒ ,..§▒▒
▒▒..▒▒▒...▒▒ ▒▒▒▒
▒.....u.▒▒▒
▒▒...m▒▒▒ ▒▒▒▒▒▒


You could see a white ugly thing.


Message History

The white ugly thing freezes you!
* * * LOW HITPOINT WARNING * * *
You slash the white ugly thing!
The white ugly thing is severely wounded.
The white ugly thing completely misses you.
You barely miss the white ugly thing.
The white ugly thing is severely wounded.
You barely miss the white ugly thing.
The white ugly thing is severely wounded.
The white ugly thing barely misses you.
You closely miss the white ugly thing.
The white ugly thing is severely wounded.
The white ugly thing barely misses you.
You hit the white ugly thing.
The white ugly thing is severely wounded.
The white ugly thing bites you!
* * * LOW HITPOINT WARNING * * *
The white ugly thing freezes you!
* * * LOW HITPOINT WARNING * * *
You puncture the white ugly thing!
The white ugly thing is almost dead.
You slash the white ugly thing!
The white ugly thing is almost dead.
The white ugly thing completely misses you.
You closely miss the white ugly thing.
The white ugly thing is almost dead.
The white ugly thing bites you!
* * * LOW HITPOINT WARNING * * *
The white ugly thing freezes you!
You die...

Action                   |  1- 3 |  4- 6 |  7- 9 | 10-12 || total
-------------------------+-------+-------+-------+-------++-------
Melee: Flail             |     5 |       |       |       ||     5
       Unarmed           |     3 |       |       |       ||     3
       Spear             |     6 |   199 |   566 |   608 ||  1379
       Punch             |       |       |     2 |       ||     2
       Halberd           |       |       |       |    87 ||    87
 Cast: Pain              |    69 |     5 |     5 |       ||    79
Invok: Curse Item        |     2 |     1 |     2 |       ||     5
       Shatter the Chain |       |       |       |     1 ||     1
 Stab: Sleeping          |     1 |     4 |    12 |     7 ||    24
       Distracted        |       |       |     2 |     2 ||     4
Armor: Robe              |     9 |    21 |    44 |    36 ||   110
Dodge: Dodged            |    38 |   113 |   341 |   351 ||   843

Levels and vault maps discovered:
D:1:      lightli_arrival_statuegarden, layout_rooms,
          hellmonk_ecumenical_altar_blasted
D:2:      kennysheep_big_flooded_room, layout_loops_ring, serial_shops, shop
D:3:      layout_basic, uniq_natasha
D:4:      layout_rooms, trog_wizard, uniq_duvessa
D:5:      layout_basic, minmay_temple_entry_poolview, serial_shops, shop
D:6:      layout_cave_pools, minitemple, enter_ossuary_5
D:7:      layout_loops_ring, grunt_decor_mini_mirrors, patterned_corridor
D:8:      layout_loops_ring, amcnicky_altar_gilded, uniq_gastronok, uniq_erica
D:9:      layout_layer_cave, lair_entry_dummy, eino_tiny_chamber
D:10:     layout_basic, jmf_multi_god_temple, serial_shops,
          nicolae_shop_statue_plus, uniq_maggie
D:11:     minmay_sliced_demisemicircle, layout_rooms, orc_0_dummy,
          portal_ice_cave_entry_pillars_2
IceCv:    ice_cave_small_necro

Notes
Turn   | Place    | Note
-------+----------+-------------------------------------------
     0 | D:1      | sanka the Merfolk Necromancer began the quest for the Orb.
     0 | D:1      | Reached XP level 1. HP: 13/13 MP: 3/3
    38 | D:1      | Reached skill level 3 in Dodging
   214 | D:1      | Reached XP level 2. HP: 18/19 MP: 3/5
   460 | D:1      | Found a faded altar of an unknown god.
   464 | D:1      | Reached skill level 4 in Dodging
   529 | D:1      | Became a worshipper of Ashenzari the Shackled
  1175 | D:2      | Reached XP level 3. HP: 15/24 MP: 3/6
  1620 | D:2      | Reached skill level 5 in Dodging
  2021 | D:2      | Found Ephen's Book Shoppe.
  2098 | D:2      | Reached * piety under Ashenzari
  2191 | D:2      | Reached XP level 4. HP: 14/30 MP: 8/8
  2250 | D:2      | Reached skill level 1 in Polearms
  3016 | D:3      | Reached skill level 2 in Polearms
  3197 | D:3      | Reached skill level 6 in Dodging
  3324 | D:3      | Noticed Natasha
  3329 | D:3      | Killed Natasha
  3330 | D:3      | Reached skill level 3 in Polearms
  3330 | D:3      | Reached XP level 5. HP: 13/35 MP: 7/9
  4034 | D:3      | Noticed Natasha
  4042 | D:3      | Killed Natasha
  4043 | D:3      | Reached skill level 4 in Polearms
  4175 | D:3      | Reached ** piety under Ashenzari
  4463 | D:3      | Reached XP level 6. HP: 36/41 MP: 11/11
  5019 | D:4      | Reached skill level 7 in Dodging
  5023 | D:4      | Reached skill level 5 in Polearms
  5225 | D:4      | Noticed Duvessa
  5226 | D:4      | Noticed Dowan
  5250 | D:4      | Killed Duvessa
  5251 | D:4      | Reached skill level 6 in Polearms
  5251 | D:4      | Reached skill level 8 in Dodging
  5251 | D:4      | Reached XP level 7. HP: 46/46 MP: 12/12
  5262 | D:4      | Killed Dowan
  5988 | D:4      | Found a bloodstained altar of Trog.
  5992 | D:4      | Noticed a wizard
  5997 | D:4      | Killed a wizard
  6037 | D:5      | Entered Level 5 of the Dungeon
  6452 | D:5      | Reached skill level 7 in Polearms
  6703 | D:5      | Reached skill level 9 in Dodging
  6837 | D:5      | Noticed a wyvern
  6848 | D:5      | Killed a wyvern
  6849 | D:5      | Reached skill level 8 in Polearms
  6849 | D:5      | Reached XP level 8. HP: 36/52 MP: 13/13
  6982 | D:5      | Found a staircase to the Ecumenical Temple.
  7198 | D:5      | Found Esutosug's General Store.
  7572 | D:5      | Bought a +0 pair of boots for 63 gold pieces
  7577 | D:5      | Reached *** piety under Ashenzari
  7635 | D:6      | Reached skill level 9 in Polearms
  7650 | D:6      | Found a sand-covered staircase.
  7655 | Ossuary  | Entered an ossuary
  7672 | Ossuary  | Reached skill level 10 in Dodging
  8468 | D:6      | Found a hide-covered altar of Uskayaw.
  8478 | D:6      | Found a basalt altar of Yredelemnul.
  8479 | D:6      | Found a shimmering altar of Xom.
  8483 | D:6      | Found a shadowy altar of Dithmenos.
  8871 | D:7      | Reached skill level 10 in Polearms
  9004 | D:7      | Reached XP level 9. HP: 58/58 MP: 16/16
  9007 | D:7      | Reached skill level 11 in Dodging
  9041 | D:7      | Identified a potion of resistance
  9097 | D:7      | Reached skill level 1 in Fighting
  9415 | D:7      | Reached skill level 2 in Fighting
 10067 | D:8      | Found a blossoming altar of Fedhas.
 10179 | D:8      | Noticed Gastronok
 10221 | D:8      | Reached skill level 3 in Fighting
 10221 | D:8      | Reached skill level 11 in Polearms
 10520 | D:8      | Noticed Erica
 10558 | D:8      | Killed Erica
 10559 | D:8      | Reached skill level 4 in Fighting
 10559 | D:8      | Reached skill level 12 in Dodging
 10800 | D:8      | Reached XP level 10. HP: 72/82 MP: 17/17
 10822 | D:8      | Reached skill level 5 in Fighting
 10822 | D:8      | Reached skill level 12 in Polearms
 11537 | D:8      | Noticed a two-headed ogre
 11565 | D:8      | Killed a two-headed ogre
 11566 | D:8      | Reached skill level 6 in Fighting
 11566 | D:8      | Reached skill level 13 in Dodging
 12203 | D:8      | Killed Gastronok
 12204 | D:8      | Reached skill level 7 in Fighting
 12204 | D:8      | Reached skill level 13 in Polearms
 12649 | D:9      | Reached XP level 11. HP: 68/93 MP: 18/18
 13118 | D:9      | Noticed a two-headed ogre
 13133 | D:9      | Killed a two-headed ogre
 13134 | D:9      | Reached skill level 14 in Dodging
 13244 | D:9      | Reached skill level 8 in Fighting
 13271 | D:9      | Reached skill level 14 in Polearms
 13659 | D:9      | Found a staircase to the Lair.
 14297 | D:10     | Entered Level 10 of the Dungeon
 15049 | D:10     | Reached skill level 9 in Fighting
 15202 | D:10     | Reached skill level 3 in Spellcasting
 15462 | D:10     | Found Viodo's Distillery.
 15729 | D:10     | Identified +0 steam dragon scales
 15729 | D:10     | Noticed Maggie
 15741 | D:10     | Killed Maggie
 15742 | D:10     | Reached skill level 15 in Dodging
 15823 | D:10     | Found a glowing golden altar of the Shining One.
 15823 | D:10     | Found a sparkling altar of Nemelex Xobeh.
 16298 | D:11     | Noticed a two-headed ogre
 16317 | D:11     | Killed a two-headed ogre
 16318 | D:11     | Reached skill level 4 in Spellcasting
 16499 | D:11     | Reached XP level 12. HP: 91/105 MP: 23/23
 16527 | D:11     | Found a frozen archway.
 16536 | IceCv    | Entered an ice cave
 18039 | IceCv    | Slain by a white ugly thing

Vanquished Creatures
  Gastronok (D:8)
  Erica (D:8)
  3 two-headed ogres
  Maggie (D:10)
  3 kobold demonologists (D:10)
  2 freezing wraiths (IceCv)
  A meliai zombie (D:11)
  22 yaks
  2 wyverns
  A shadow (D:11)
  A steam dragon (D:8)
  A death yak simulacrum (IceCv)
  2 acid dragons
  Duvessa (D:4)
  4 orc warriors
  A black bear (D:7)
  A necrophage (D:6)
  An ogre (D:7)
  A centaur (D:10)
  2 kobold brigands
  A bullfrog (D:6)
  2 gnoll sergeants
  Dowan (D:4)
  3 scorpions
  A water moccasin zombie (D:4)
  2 elephant simulacra (IceCv)
  9 killer bees
  4 wights
  3 bullfrog zombies
  4 centaur zombies
  A human zombie (Ossuary)
  2 hounds
  2 jellies
  4 orc priests
  A gnoll shaman (D:5)
  2 bullfrog skeletons (D:5)
  3 iguanas
  Natasha (twice) (D:3)
  A centaur skeleton (D:5)
  9 orc wizards
  4 polar bear simulacra (IceCv)
  A spriggan simulacrum (IceCv)
  A troll simulacrum (IceCv)
  A killer bee zombie (D:6)
  2 wolf simulacra (IceCv)
  A hound zombie (Ossuary)
  4 mummies (Ossuary)
  A howler monkey zombie (D:9)
  17 gnolls
  A naga simulacrum (IceCv)
  6 adders
  A shadow imp (D:8)
  3 ufetubi
  An adder skeleton (D:4)
  An adder zombie (Ossuary)
  3 worms
  2 dart slugs (D:3)
  35 orcs
  5 ball pythons
  3 bats
  5 endoplasms
  4 giant cockroaches
  6 goblins
  2 hobgoblins
  13 jackals
  3 quokkas
  4 frilled lizards
  2 gnoll zombies (Ossuary)
  A goblin zombie (Ossuary)
  2 hobgoblin zombies (Ossuary)
  A jackal skeleton (D:4)
  15 kobolds
  2 kobold zombies (Ossuary)
  An orc zombie (Ossuary)
  3 rats
  A rat zombie (Ossuary)
267 creatures vanquished.

Vanquished Creatures (others)
  A wizard (D:4)
1 creature vanquished.

Grand Total: 268 creatures vanquished
